 Dungeon Crawl Stone Soup version 0.24-a0-464-g6b2be6b8c7 (webtiles) character file.

Game seed: 10084007660921459565

25 Mithandil the Conjurer (level 2, 0/15 HPs)
             Began as a Deep Elf Conjurer on July 4, 2019.
             Slain by a gnoll
             ... wielding a +0 halberd
              (5 damage)
             ... on level 2 of the Dungeon.
             The game lasted 00:08:44 (1310 turns).

Mithandil the Conjurer (Deep Elf Conjurer)          Turns: 1310, Time: 00:08:44

Health: 0/15       AC:  4    Str:  5    XL:     2   Next: 86%
Magic:  5/8        EV: 13    Int: 19    God:
Gold:   79         SH:  0    Dex: 15    Spells: 5/8 levels left

rFire    . . .     SeeInvis .   a - +0 dagger
rCold    . . .     Gourm    .   (no shield)
rNeg     . . .     Faith    .   h - +2 robe
rPois    .         Spirit   .   (no helmet)
rElec    .         Reflect  .   (no cloak)
rCorr    .         Harm     .   (no gloves)
MR       .....                  (no boots)
Stlth    ++........             (no amulet)
HPRegen  0.05/turn              (no ring)
MPRegen  0.11/turn              (no ring)

@: no status effects
A: no striking features
a: no special abilities


You were on level 2 of the Dungeon.
You were not hungry.

You visited 1 branch of the dungeon, and saw 2 of its levels.

You collected 79 gold pieces.

Inventory:

Hand Weapons
 a - a +0 dagger (weapon)
Armour
 h - a +2 robe (worn)
Wands
 f - a wand of polymorph (9)
Scrolls
 b - a scroll of remove curse
Potions
 d - a potion of flight {unknown}
 e - a potion of curing {unknown}
 g - a potion of ambrosia {unknown}
Comestibles
 c - a ration


   Skills:
 + Level 0.2 Short Blades
 + Level 2.7 Dodging
 + Level 2.7 Stealth
 * Level 3.7 Spellcasting
 * Level 4.7 Conjurations


You had 5 spell levels left.
You knew the following spells:

 Your Spells              Type           Power        Failure   Level  Hunger
a - Magic Dart            Conj           ###.         1%          1    None
b - Searing Ray           Conj           ###...       3%          2    ##.....

Your spell library contained the following spells:

 Spells                   Type           Power        Failure   Level  Hunger
 Dazzling Spray           Conj/Hex       ##....       16%         3    ###....
 Iskenderun's Mystic Bla  Conj           ###.....     21%         4    ####...
 Force Lance              Conj/Tloc      ##......     47%         4    ####...
 Fulminant Prism          Conj/Hex       ##........   47%         4    ####...


Dungeon Overview and Level Annotations

Branches:
Dungeon (2/15)

Altars:


Message History

Casting: Magic Dart (safe; 1% risk of failure)
Confirm with . or Enter, or press ? or * to list all spells.
Aiming: Magic Dart (safe; 1% risk of failure)
Press: ? - help, Shift-Dir - straight line, f/p - gnoll
Aim: a gnoll, wielding a +0 halberd (moderately wounded)
The magic dart hits the gnoll.
The gnoll is heavily wounded.
The gnoll hits you from afar with a +0 spear!
Ouch! That really hurt!
The gnoll barely misses you.
Casting: Magic Dart (safe; 1% risk of failure)
Confirm with . or Enter, or press ? or * to list all spells.
Aiming: Magic Dart (safe; 1% risk of failure)
Press: ? - help, Shift-Dir - straight line, f/p - gnoll
Aim: a gnoll, wielding a +0 halberd (heavily wounded)
The magic dart hits the gnoll.
The gnoll is severely wounded.
The gnoll hits you from afar with a +0 spear.
The gnoll hits you with a +0 halberd.
You die...

.. .# .####
....# .##.#
.##.######
.........$ #
g##.######.
####g##### <#
.# #..
#.@gg.....
........ ..#
#.##..####
.#.#####
#.##.# .#
..... ##...#
.# ## ###
#.#.#..##..##
#....[.....#
####..####.#
# #### #†.#
#.##
..####..#


You could see 3 gnolls.

Vanquished Creatures
  An adder (D:2)
  A leopard gecko (D:2)
  5 giant cockroaches (D:1)
  A goblin (D:2)
  A hobgoblin (D:1)
  A ball python (D:2)
  A bat (D:2)
  2 frilled lizards (D:1)
  A kobold (D:1)
  2 rats (D:1)
16 creatures vanquished.

Notes
Turn   | Place    | Note
-------+----------+-------------------------------------------
     0 | D:1      | Mithandil the Deep Elf Conjurer began the quest for the
                  | Orb.
     0 | D:1      | Reached XP level 1. HP: 10/10 MP: 6/6
   630 | D:1      | Reached XP level 2. HP: 15/15 MP: 2/8
   634 | D:1      | Learned a level 2 spell: Searing Ray
  1310 | D:2      | Slain by a gnoll

Levels and vault maps discovered:
D:1:      wander_arrival_lonely_grave, layout_basic, hangedman_glass_teeth
D:2:      layout_loops_ring, lemuel_doored_altar

Action                   || total
-------------------------++-------
 Cast: Magic Dart        ||    36
  Use: Scroll            ||     4
  Eat: Ration            ||     1
Armor: Robe              ||     2
Dodge: Dodged            ||    15

Table legend:
 A = Non-vault XP
 B = Vault XP
 C = Vault XP percentage of total XP
 D = Non-vault monster count
 E = Vault monster count
 F = Vault count percentage of total count
                 A         B        C        D         E       F
            +---------+---------+-------+---------+---------+-------
      Total |      37 |       0 |   0.0 |      16 |       0 |   0.0
            +---------+---------+-------+---------+---------+-------
        D:1 |      17 |       0 |   0.0 |      11 |       0 |   0.0
        D:2 |      20 |       0 |   0.0 |       5 |       0 |   0.0
            +---------+---------+-------+---------+---------+-------
